General information
- name: BNet
- type: Ladder team game (AT/RT)
- host: Battle.net
- saver: C.J.W.
map: MarketSquare
- players: 8
- length: 19:45
- speed: Fast
- version: 1.26 W3XP
- replay type: Public
» download(141 KB)
Players
team 1 (loser)
Dark-Raptor (
blue | 51 APM | 1006 actions | 19:44)
4 Far Seer
2 Feral Spirit
2 Chain Lighting
2 Shadow Hunter
1 Hex
1 Healing Wave
2 Firelord
1 Summon Lava Spawn
1 Incinerate
» actions
| Assign group hotkey | 23 | |
| Basic commands | 20 | |
| Build / train | 66 | |
| Enter build submenu | 26 | |
| Enter hero's abilities submenu | 8 | |
| Give item / drop item | 1 | |
| Remove unit from queue | 1 | |
| Right click | 428 | |
| Select / deselect | 342 | |
| Select group hotkey | 16 | |
| Use ability | 75 | |
1006 total
» units
| Peon | 21 | |
| Grunt | 6 | |
| Shaman | 7 | |
| Tauren | 3 | |
37 total
» upgrades
| Armor | 2 | |
| Shaman Training | 2 | |
| Melee Weapons | 1 | |
| Spiked Barricades | 1 | |
| Pulverize | 1 | |
7 total
» buildings
| Altar of Storms | 1 | |
| Orc Burrow | 8 | |
| Barracks | 1 | |
| Voodoo Lounge | 1 | |
| Stronghold | 1 | |
| War Mill | 1 | |
| Great Hall | 2 | |
| Watch Tower | 5 | |
| Spirit Lodge | 1 | |
| Fortress | 1 | |
| Tauren Totem | 2 | |
24 total
» build order
00:08 Altar of Storms
00:12 Orc Burrow
00:31 Barracks
01:23 Orc Burrow
01:59 Voodoo Lounge
03:32 Stronghold
03:48 War Mill
04:29 Orc Burrow
06:03 Great Hall
06:16 Watch Tower
06:20 Watch Tower
07:23 Watch Tower
08:04 Spirit Lodge
08:21 Orc Burrow
08:55 Fortress
09:34 Orc Burrow
09:39 Watch Tower
11:43 Tauren Totem
11:48 Tauren Totem
12:15 Watch Tower
13:21 Orc Burrow
13:24 Orc Burrow
15:14 Orc Burrow
18:36 Great Hall
» items
| Scroll of Town Portal | 4 | |
| Scroll of Regeneration | 2 | |
| Potion of Healing | 1 | |
| Orb of Fire | 1 | |
8 total

»
ufico (
orange | 38 APM | 747 actions | 19:26)
4 Archmage
2 Summon Water Elemental
2 Brilliance Aura
1 Mountain King
1 Storm Bolt
» actions
| Build / train | 44 | |
| Enter build submenu | 26 | |
| Enter hero's abilities submenu | 5 | |
| Right click | 384 | |
| Select / deselect | 237 | |
| Use ability | 51 | |
747 total
» units
| Peasant | 10 | |
| Footman | 5 | |
| Mortar Team | 2 | |
| Siege Engine | 7 | |
24 total
» upgrades
| Plating | 2 | |
| Lumber Harvesting | 2 | |
| Barrage | 1 | |
| Gunpowder | 2 | |
7 total
» buildings
| Altar of Kings | 1 | |
| Farm | 12 | |
| Barracks | 1 | |
| Lumber Mill | 1 | |
| Blacksmith | 1 | |
| Arcane Vault | 1 | |
| Keep | 1 | |
| Scout Tower | 4 | |
| Guard Tower | 1 | |
| Workshop | 3 | |
| Town Hall | 1 | |
| Castle | 1 | |
28 total
» build order
00:18 Altar of Kings
00:21 Farm
00:57 Barracks
01:21 Farm
02:04 Farm
02:39 Lumber Mill
03:05 Blacksmith
03:10 Arcane Vault
03:54 Keep
04:03 Farm
04:20 Scout Tower
04:59 Farm
05:06 Guard Tower
05:41 Farm
06:25 Workshop
06:28 Workshop
06:38 Town Hall
06:58 Farm
08:03 Workshop
08:13 Castle
09:00 Scout Tower
09:03 Scout Tower
10:17 Scout Tower
10:23 Farm
11:15 Farm
12:23 Farm
14:24 Farm
14:27 Farm
» items
| Scroll of Regeneration | 1 | |
| Scroll of Town Portal | 2 | |
3 total
xlLIghtitupXl (
green | 70 APM | 1363 actions | 19:21)
5 Goblin Tinker
3 Cluster Rockets
2 Engineering Upgrade
2 Beastmaster
1 Summon Bear
1 Summon Hawk
» actions
| Assign group hotkey | 15 | |
| Build / train | 52 | |
| Enter build submenu | 24 | |
| Enter hero's abilities submenu | 7 | |
| Right click | 885 | |
| Select / deselect | 192 | |
| Select group hotkey | 122 | |
| Use ability | 66 | |
1363 total
» units
» upgrades
| Defend | 1 | |
| Priest Training | 2 | |
| Sorceress Training | 1 | |
| Plating | 2 | |
| Lumber Harvesting | 1 | |
| Masonry | 1 | |
| Swords | 2 | |
10 total
» buildings
| Altar of Kings | 1 | |
| Barracks | 2 | |
| Farm | 11 | |
| Scout Tower | 2 | |
| Arcane Tower | 2 | |
| Keep | 1 | |
| Lumber Mill | 1 | |
| Blacksmith | 1 | |
| Castle | 1 | |
| Arcane Sanctum | 2 | |
| Arcane Vault | 1 | |
25 total
» build order
00:09 Altar of Kings
00:18 Barracks
00:21 Farm
00:58 Farm
01:37 Farm
01:47 Scout Tower
01:58 Farm
02:32 Arcane Tower
03:26 Scout Tower
03:52 Farm
03:53 Arcane Tower
04:19 Keep
06:22 Lumber Mill
06:25 Blacksmith
07:17 Castle
07:25 Arcane Sanctum
09:01 Arcane Sanctum
09:05 Barracks
10:38 Farm
10:40 Farm
11:21 Farm
13:32 Arcane Vault
13:45 Farm
13:50 Farm
16:48 Farm
» items
| Potion of Lesser Invulnerability | 1 | |
| Dust of Appearance | 1 | |
2 total
FTLNooB (
yellow | 56 APM | 1047 actions | 18:49)
4 Demon Hunter
2 Mana Burn
2 Evasion
3 Dark Ranger
2 Black Arrow
1 Life Drain
» actions
| Basic commands | 42 | |
| Build / train | 50 | |
| Enter build submenu | 17 | |
| Enter hero's abilities submenu | 7 | |
| Give item / drop item | 2 | |
| Remove unit from queue | 1 | |
| Right click | 644 | |
| Select / deselect | 247 | |
| Use ability | 37 | |
1047 total
» units
| Wisp | 12 | |
| Archer | 3 | |
| Glaive Thrower | 1 | |
| Faerie Dragon | 4 | |
| Chimaera | 4 | |
| Hippogryph | 7 | |
31 total
» upgrades
| Strength of the Wild | 1 | |
| Reinforced Hides | 1 | |
| Corrosive Breath | 1 | |
3 total
» buildings
| Altar of Elders | 1 | |
| Moon Well | 7 | |
| Ancient of War | 1 | |
| Tree of Ages | 1 | |
| Hunter's Hall | 1 | |
| Ancient of Wonders | 1 | |
| Ancient of Wind | 1 | |
| Tree of Eternity | 1 | |
| Chimaera Roost | 2 | |
| Tree of Life | 1 | |
17 total
» build order
00:07 Altar of Elders
00:18 Moon Well
00:33 Ancient of War
01:43 Moon Well
02:38 Tree of Ages
03:06 Hunter's Hall
03:23 Moon Well
04:15 Ancient of Wonders
05:01 Ancient of Wind
05:54 Tree of Eternity
07:33 Moon Well
07:38 Moon Well
08:17 Chimaera Roost
08:18 Chimaera Roost
10:32 Tree of Life
11:32 Moon Well
14:52 Moon Well
» items
| Potion of Healing | 2 | |
| Orb of Venom | 1 | |
| Scroll of Town Portal | 1 | |
4 total
team 2 (winner)
cvan. (
purple | 42 APM | 837 actions | 19:44)
5 Death Knight
3 Death Coil
2 Unholy Aura
4 Lich
2 Frost Nova
2 Frost Armor
» actions
| Assign group hotkey | 118 | |
| Basic commands | 23 | |
| Build / train | 41 | |
| Enter build submenu | 18 | |
| Enter hero's abilities submenu | 9 | |
| Right click | 364 | |
| Select / deselect | 120 | |
| Select group hotkey | 92 | |
| Use ability | 52 | |
837 total
» units
| Acolyte | 2 | |
| Ghoul | 3 | |
| Crypt Fiend | 9 | |
| Frost Wyrm | 3 | |
17 total
» upgrades
| Creature Attack | 3 | |
| Web | 1 | |
| Creature Carapace | 1 | |
5 total
» buildings
| Crypt | 1 | |
| Altar of Darkness | 1 | |
| Ziggurat | 11 | |
| Graveyard | 1 | |
| Tomb of Relics | 1 | |
| Nerubian Tower | 1 | |
| Spirit Tower | 2 | |
| Halls of the Dead | 1 | |
| Sacrificial Pit | 1 | |
| Black Citadel | 1 | |
| Boneyard | 2 | |
23 total
» build order
00:15 Crypt
00:19 Altar of Darkness
00:35 Ziggurat
01:02 Graveyard
01:16 Ziggurat
01:43 Tomb of Relics
01:52 Nerubian Tower
03:06 Ziggurat
04:02 Spirit Tower
04:43 Halls of the Dead
06:38 Ziggurat
07:09 Sacrificial Pit
07:14 Black Citadel
08:33 Ziggurat
09:40 Boneyard
09:44 Boneyard
11:14 Ziggurat
11:48 Ziggurat
16:42 Spirit Tower
18:52 Ziggurat
18:56 Ziggurat
19:00 Ziggurat
19:01 Ziggurat
» items
| Rod of Necromancy | 1 | |
| Dust of Appearance | 1 | |
| Scroll of Town Portal | 1 | |
3 total

»
C.J.W. (
red | 56 APM | 1100 actions | 19:45)
4 Priestess of the Moon
1 Scout
2 Trueshot Aura
1 Searing Arrows
1 Keeper of the Grove
1 Thorns Aura
» actions
| Basic commands | 45 | |
| Build / train | 68 | |
| ESC pressed | 4 | |
| Enter build submenu | 21 | |
| Enter hero's abilities submenu | 5 | |
| Give item / drop item | 1 | |
| Right click | 653 | |
| Select / deselect | 264 | |
| Use ability | 39 | |
1100 total
» units
| Wisp | 27 | |
| Hippogryph | 10 | |
| Druid of the Talon | 5 | |
| Faerie Dragon | 1 | |
43 total
» upgrades
| Strength of the Wild | 3 | |
| Reinforced Hides | 3 | |
| Ultravision | 1 | |
| Hippogryph Taming | 1 | |
| Well Spring | 1 | |
| Nature's Blessing | 1 | |
| Druid of the Talon Training | 2 | |
| Mark of the Talon | 1 | |
13 total
» buildings
| Moon Well | 6 | |
| Ancient of War | 2 | |
| Altar of Elders | 1 | |
| Ancient of Wonders | 1 | |
| Hunter's Hall | 1 | |
| Tree of Ages | 1 | |
| Tree of Life | 3 | |
| Ancient of Wind | 3 | |
| Tree of Eternity | 1 | |
| Ancient Protector | 4 | |
| Ancient of Lore | 3 | |
26 total
» build order
00:12 Moon Well
00:20 Ancient of War
00:28 Altar of Elders
02:09 Ancient of War
02:26 Moon Well
02:54 Ancient of Wonders
03:02 Hunter's Hall
03:52 Tree of Ages
04:38 Moon Well
06:19 Tree of Life
06:39 Ancient of Wind
06:40 Ancient of Wind
06:42 Ancient of Wind
07:30 Tree of Eternity
11:11 Moon Well
11:51 Moon Well
12:00 Moon Well
14:27 Ancient Protector
14:29 Ancient Protector
14:55 Ancient Protector
14:58 Ancient Protector
16:52 Tree of Life
18:48 Ancient of Lore
18:50 Ancient of Lore
18:51 Ancient of Lore
19:01 Tree of Life
» items
| Scroll of Town Portal | 1 | |
| Scroll of Healing | 1 | |
| Potion of Healing | 1 | |
3 total
SteelSaint (
pink | 35 APM | 687 actions | 19:44)
6 Paladin
2 Holy Light
3 Divine Shield
1 Resurrection
» actions
| Assign group hotkey | 27 | |
| Basic commands | 10 | |
| Build / train | 72 | |
| Enter build submenu | 25 | |
| Enter hero's abilities submenu | 6 | |
| Give item / drop item | 1 | |
| Right click | 283 | |
| Select / deselect | 130 | |
| Select group hotkey | 68 | |
| Use ability | 65 | |
687 total
» units
| Peasant | 15 | |
| Footman | 5 | |
| Knight | 4 | |
| Spell Breaker | 8 | |
| Priest | 4 | |
36 total
» upgrades
| Defend | 1 | |
| Masonry | 2 | |
| Lumber Harvesting | 2 | |
| Plating | 3 | |
| Swords | 3 | |
| Gunpowder | 1 | |
| Animal War Training | 1 | |
| Priest Training | 2 | |
15 total
» buildings
| Farm | 14 | |
| Scout Tower | 11 | |
| Altar of Kings | 1 | |
| Arcane Tower | 1 | |
| Barracks | 3 | |
| Lumber Mill | 1 | |
| Keep | 1 | |
| Town Hall | 1 | |
| Guard Tower | 5 | |
| Castle | 1 | |
| Blacksmith | 1 | |
| Arcane Vault | 1 | |
| Arcane Sanctum | 2 | |
| Workshop | 1 | |
44 total
» build order
00:24 Farm
00:26 Farm
00:42 Scout Tower
00:54 Altar of Kings
01:23 Arcane Tower
01:58 Barracks
02:16 Barracks
02:54 Farm
02:56 Farm
03:00 Farm
03:02 Farm
04:59 Lumber Mill
05:41 Keep
06:14 Scout Tower
06:42 Town Hall
06:47 Scout Tower
06:48 Scout Tower
06:50 Scout Tower
06:52 Scout Tower
06:54 Scout Tower
06:55 Scout Tower
07:09 Guard Tower
07:12 Scout Tower
07:14 Scout Tower
07:15 Scout Tower
07:22 Guard Tower
07:42 Guard Tower
07:48 Guard Tower
08:43 Guard Tower
08:45 Castle
08:58 Blacksmith
09:02 Arcane Vault
09:08 Arcane Sanctum
09:13 Farm
09:15 Farm
09:16 Farm
09:18 Farm
09:19 Farm
09:21 Farm
09:22 Farm
09:23 Farm
10:21 Barracks
10:47 Workshop
12:39 Arcane Sanctum
» items
| Circlet of Nobility | 2 | |
| Boots of Speed | 1 | |
| Scroll of Town Portal | 2 | |
| Orb of Corruption | 1 | |
6 total

»
Blademonster (
teal | 65 APM | 1275 actions | 19:44)
5 Blademaster
2 Wind Walk
3 Critical Strike
3 Far Seer
2 Far Sight
1 Feral Spirit
» actions
| Assign group hotkey | 17 | |
| Build / train | 55 | |
| ESC pressed | 1 | |
| Enter build submenu | 19 | |
| Enter hero's abilities submenu | 8 | |
| Give item / drop item | 2 | |
| Remove unit from queue | 1 | |
| Right click | 477 | |
| Select / deselect | 270 | |
| Select group hotkey | 347 | |
| Use ability | 78 | |
1275 total
» units
| Peon | 8 | |
| Grunt | 4 | |
| Troll Batrider | 2 | |
| Raider | 3 | |
| Tauren | 1 | |
| Troll Witch Doctor | 2 | |
20 total
» upgrades
| Melee Weapons | 2 | |
| Spiked Barricades | 1 | |
| Armor | 1 | |
| Ranged Weapons | 2 | |
| Ensnare | 1 | |
| Pillage | 1 | |
| Witch Doctor Training | 2 | |
10 total
» buildings
| War Mill | 1 | |
| Orc Burrow | 6 | |
| Altar of Storms | 1 | |
| Watch Tower | 2 | |
| Barracks | 1 | |
| Voodoo Lounge | 1 | |
| Stronghold | 1 | |
| Beastiary | 2 | |
| Fortress | 2 | |
| Spirit Lodge | 1 | |
| Tauren Totem | 1 | |
19 total
» build order
00:14 War Mill
00:24 Orc Burrow
00:41 Altar of Storms
01:28 Watch Tower
01:49 Barracks
02:09 Orc Burrow
02:41 Watch Tower
03:23 Voodoo Lounge
04:26 Stronghold
05:22 Orc Burrow
07:11 Orc Burrow
07:42 Beastiary
08:58 Beastiary
10:46 Orc Burrow
12:30 Fortress
12:31 Fortress
12:35 Spirit Lodge
14:03 Orc Burrow
15:33 Tauren Totem
» items
| Healing Salve | 3 | |
| Lesser Clarity Potion | 2 | |
| Potion of Mana | 1 | |
| Tiny Great Hall | 1 | |
| Scroll of Town Portal | 1 | |
| Orb of Lightning | 1 | |
9 total
Chat log
(00:04 / Allies) Blademonster: air
(00:09 / Allies) Blademonster: or
(00:10 / Allies) Blademonster: rush
(00:26 / Allies) cvan.: fiends to frosts
(00:36 / Allies) C.J.W.: hum
(00:39 / Allies) C.J.W.: im elf again
(00:52 / Allies) C.J.W.: guys rush please
(00:54 / Allies) cvan.: are u techin teal?
(00:59 / Allies) Blademonster: no sure
(00:59 / Allies) C.J.W.: im mass glaives as ever
(01:00 / Allies) C.J.W.: potm
(01:12 / Allies) C.J.W.: you can say im teching though
(01:18 / Allies) C.J.W.: but a short tech
(01:26 / Allies) Blademonster: to bats than
(01:33 / Allies) C.J.W.: no grunts?
(01:40 / Allies) Blademonster: soon
(01:43 / Allies) C.J.W.: fine
(01:52 / Allies) C.J.W.: who wanna rush?
(01:56 / Allies) cvan.: me
(02:01 / Allies) C.J.W.: maybe I should mass hippos?
(02:16 / Allies) Blademonster: dryads i guess
(02:18 / Allies) Blademonster: with talons
(02:23 / Allies) Blademonster: getting cyclone for melee
(02:33 / Allies) SteelSaint: knights here with caster support
(02:41 / Allies) C.J.W.: fine guess we cc than
(02:51 / Allies) Blademonster: y
(03:22 / Allies) C.J.W.: I'm gonna go mass hippos
(03:27 / Allies) C.J.W.: no archers though
(04:16 / Allies) Blademonster: gold?
(04:24 / Allies) Blademonster: ty
(05:08 / Allies) Blademonster: red
(05:16 / Allies) C.J.W.: fine
(05:30 / Allies) C.J.W.: yellow has a ancient of wind
(06:12 / Allies) Blademonster: bring wisp
(06:16 / Allies) Blademonster: this is yours
(06:19 / Allies) C.J.W.: sure
(06:20 / Allies) C.J.W.: thx
(06:23 / Allies) C.J.W.: was planning on it
(06:29 / Allies) Blademonster: =)
(06:30 / Allies) Blademonster: good
(07:00 / Allies) Blademonster: spare gold?
(07:08 / Allies) Blademonster: ty
(07:23 / Allies) C.J.W.: im gonna need a little wood
(07:26 / Allies) C.J.W.: if you guys dont mind
(07:26 / Allies) Blademonster: blue stoled
(07:28 / Allies) C.J.W.: for aa
(07:34 / Allies) C.J.W.: ty
(07:50 / Allies) Blademonster: we should be ccing
(08:04 / Allies) Blademonster: damn
(08:45 / Allies) C.J.W.: they fgonna hit my expo
(08:47 / Allies) C.J.W.: im sure
(08:53 / Allies) Blademonster: prob
(09:13 / Allies) C.J.W.: maybe not
(09:21 / Allies) Blademonster: i'm making some time
(09:30 / Allies) C.J.W.: good keep them stall
(09:37 / Allies) C.J.W.: just retreat if things gets too bad
(10:03 / Allies) C.J.W.: 100 gold?
(10:05 / Allies) Blademonster: dradons
(10:14 / Allies) C.J.W.: ty
(10:33 / Allies) Blademonster: guys
(10:34 / Allies) C.J.W.: well im ready
(10:35 / Allies) Blademonster: they coming
(10:38 / Allies) Blademonster: get rdy to tp
(10:40 / Allies) C.J.W.: i got two tp scrolls
(10:57 / Allies) Blademonster: meet
(10:59 / Allies) Blademonster: at my base
(11:05 / Allies) Blademonster: we hitting blue's exp
(12:20 / Allies) Blademonster: we have antimagic?
(12:39 / Allies) C.J.W.: lets just hope they got air
(12:48 / Allies) Blademonster: fs
(12:55 / Allies) Blademonster: his exp
(13:10 / Allies) SteelSaint: faerie drags
(13:19 / Allies) Blademonster: move
(13:20 / Allies) Blademonster: next
(13:26 / Allies) Blademonster: chims
(13:28 / Allies) Blademonster: kill chims
(14:07 / Allies) Blademonster: nice
(14:27 / Allies) Blademonster: tp?
(14:33 / Allies) SteelSaint: yes
(14:35 / Allies) cvan.: ya
(14:45 / Allies) SteelSaint: repair
(15:30 / Allies) Blademonster: doctors soon
(15:32 / Allies) SteelSaint: main
(15:57 / Allies) Blademonster: tp out
(16:03 / Allies) Blademonster: OUT
(16:03 / Allies) Blademonster: OUT
(16:04 / Allies) Blademonster: OUT
(16:04 / Allies) Blademonster: OUT
(16:05 / Allies) Blademonster: OUT
(16:06 / Allies) Blademonster: OUT
(16:14 / Allies) Blademonster: OU
(16:18 / Allies) Blademonster: OUT RED
(16:45 / Allies) Blademonster: THEY GOT NO EXP
(16:48 / Allies) Blademonster: THIS IS GOOD
(16:55 / Allies) Blademonster: get some
(16:55 / Allies) C.J.W.: teal take it
(16:56 / Allies) Blademonster: mortars
(16:58 / Allies) Blademonster: a
(17:22 / Allies) Blademonster: move out red
(17:28 / Allies) Blademonster: purp
(17:32 / Allies) Blademonster: send fiends back
(17:36 / Allies) Blademonster: so pink can move
(17:43 / Allies) Blademonster: MOVE FIENDS
(18:26 / Allies) Blademonster: GJ GJ
(19:23 / Allies) C.J.W.: had too much aa
(19:25 / Allies) C.J.W.: didn't I?
(19:29 / Allies) Blademonster: great job guys
(19:34 / Allies) C.J.W.: i just know how people works
(19:37 / All) Dark-Raptor: fucked from every side
(19:40 / All) Dark-Raptor: fuckain terrible